 Dungeon Crawl Stone Soup version 0.26-a0-667-g92642533e4 (webtiles) character file.

Game seed: 2003771549594677951

18 spooktacular the Skirmisher (level 2, 0/24 HPs)
             Began as a Demonspawn Abyssal Knight on Oct 16, 2020.
             Was a Follower of Lugonu.
             Slain by a gnoll
             ... wielding a +0 club
              (6 damage)
             ... on level 2 of the Dungeon.
             The game lasted 00:02:05 (335 turns).

spooktacular the Skirmisher (DsAK)                   Turns: 335, Time: 00:02:35

Health: 0/24       AC:  3    Str: 12    XL:     2   Next: 51%
Magic:  4/4        EV: 11    Int: 13    God:    Lugonu [*.....]
Gold:   0          SH:  0    Dex: 12    Spells: 1/1 levels left

rFire    . . .     SeeInvis .   a - +1 falchion
rCold    . . .     Faith    .   (no shield)
rNeg     . . .     Spirit   .   b - +0 leather armour
rPois    .         Reflect  .   (no helmet)
rElec    .         Harm     .   (no cloak)
rCorr    .         Rampage  .   (no gloves)
MR       .....                  (no boots)
Stlth    +.........             (no amulet)
HPRegen  0.08/turn              (no ring)
MPRegen  0.09/turn              (no ring)

@: no status effects
A: spiny 1
a: Depart the Abyss, Renounce Religion


You were on level 2 of the Dungeon.
You worshipped Lugonu.
Lugonu was aware of your devotion.
You visited 1 branch of the dungeon, and saw 3 of its levels.
You visited the Abyss 1 time.

Inventory:

Hand Weapons
 a - a +1 falchion (weapon)
Armour
 b - a +0 leather armour (worn)
 f - a +0 leather armour
Scrolls
 c - a scroll of enchant weapon {unknown}
 d - a scroll of fear {unknown}
 h - a scroll of identify {unknown}
Potions
 e - a potion of flight {unknown}
 g - a potion of ambrosia {unknown}


   Skills:
 + Level 3.2 Fighting
 + Level 2.0 Long Blades
 + Level 2.1 Armour
 + Level 1.0 Dodging
 + Level 2.7 Invocations


You had one spell level left.
You didn't know any spells.
Your spell library was empty.

Dungeon Overview and Level Annotations

Branches:
Dungeon (3/15)

Altars:


Innate Abilities, Weirdness & Mutations

You are partially covered in sharp spines.


Message History

The orc is lightly wounded.
The gnoll is struck by your spines. The gnoll hits you with a +0 club.
The orc is struck by your spines. The orc hits you with a +0 club.
You barely miss the orc.
The orc is moderately wounded.
A frilled lizard comes into view.
The gnoll is struck by your spines. The gnoll hits you with a +0 club.
The orc is struck by your spines. The orc hits you but does no damage.
The frilled lizard hisses angrily.
You slash the orc!
You kill the orc!
Lugonu accepts your kill. The gnoll is struck by your spines.
The gnoll misses you.
You hit the gnoll.
The gnoll is heavily wounded.
A gnoll comes into view. It is wielding a +0 club.
The gnoll hits you with a +0 flail!
* * * LOW HITPOINT WARNING * * *
The gnoll hits you with a +0 club.
You die...

#.#. #..$ # #
#.lS .# #.#..g
###.# #.....
....#
#.#..g#....#
#....gg)..#
####..#@..$###
.......>.....#
#.##..#.#..###
##.#.#..# #
#.. .# #.# ##
#.# #.# ...


You could see 4 gnolls, an adder and a frilled lizard.

Vanquished Creatures
  An ooze (D:1)
  An adder zombie (D:1)
  An orc (D:2)
  3 bats (D:1)
  A goblin (D:1)
  2 hobgoblins (D:1)
  A leopard gecko zombie (D:1)
10 creatures vanquished.

Notes
Turn   | Place    | Note
-------+----------+-------------------------------------------
     0 | Abyss:1  | spooktacular the Demonspawn Abyssal Knight began the quest
                  | for the Orb.
     0 | Abyss:1  | Reached XP level 1. HP: 18/18 MP: 2/2
    20 | D:1      | Escaped the Abyss
   123 | D:1      | Reached skill level 1 in Dodging
   123 | D:1      | Gained mutation: You are partially covered in sharp spines.
                  | [demonic ancestry]
   123 | D:1      | Reached XP level 2. HP: 19/24 MP: 4/4
   335 | D:2      | Slain by a gnoll

Illustrated notes

Levels and vault maps discovered:
D:1:      saegor_arrival_fortress, layout_basic, chequers_serial_rivers_marsh
D:2:      minmay_angry_zag, layout_basic, uniq_jessica
D:3:      layout_basic, minmay_misc_feat_more_columns, lemuel_altar_in_water2

Skill      XL: |  1  2 |
---------------+-------+-----
Armour         | 2 |  2.1
Dodging        | 1 |  1.0
Long Blades    | 2 |  2.0
Fighting       | |  3.2
Invocations    | |  2.7

Action                   || total
-------------------------++-------
Melee: Falchion          ||    24
Armor: Leather armour    ||     9
Dodge: Dodged            ||    11
       Rpst.: Falchion   ||     2

Table legend: (Time is in decaauts)
 A = Elapsed time spent in this place.
 B = Non-inter-level travel time spent in this place.
 C = Inter-level travel time spent in this place.
 D = Time resting spent in this place.
 E = Time spent auto-exploring this place.
 F = Levels seen in this place.
 G = Mean time per level.
                   A        B        C        D        E       F      G
               +--------+--------+--------+--------+--------+-----+--------+
         Total |    339 |    203 |    136 |    118 |      0 |   4 |   84.8 |
       Dungeon |    319 |    183 |    136 |    118 |      0 |   3 |  106.3 |
         Abyss |     20 |     20 |      0 |      0 |      0 |   1 |   20.0 |
               +--------+--------+--------+--------+--------+-----+--------+

Top non-repeatable levels by time:
     D:1: 299 daAuts
 Abyss:1: 20 daAuts
     D:2: 16 daAuts
     D:3: 3 daAuts
